 Dungeon Crawl Stone Soup version 0.30.1-11-g7821555f0a (webtiles) character file.

Game seed: 5812002695386553407

91735 Kallu the Lord of Darkness (level 15, -3/103 HPs)
             Began as a Demonspawn Ice Elementalist on Jan 14, 2024.
             Was the Champion of Kikubaaqudgha.
             Splashed by a goliath frog's acid (4 damage)
             ... on level 2 of the Swamp on Jan 15, 2024.
             The game lasted 01:13:31 (30345 turns).

Kallu the Lord of Darkness (DsIE)                  Turns: 30345, Time: 01:13:32

Health: -3/103     AC:  9    Str:  8    XL:     15   Next: 55%
Magic:  25/31      EV: 18    Int: 29    God:    Kikubaaqudgha [******]
Gold:   1609       SH:  0    Dex: 15    Spells: 4/38 levels left

rFire   + . .        a - +2 morningstar (protect)
rCold   + . .        (no shield)
rNeg    . . .        E - +2 leather armour {Will+}
rPois   .            K - +2 hat
rElec   .            X - scarf {rC+ rF+}
rCorr   +            k - +0 pair of gloves
SInv    .            S - +0 pair of boots
Will    ++...        B - amulet of regeneration
Stlth   ++           g - +5 ring of evasion
HPRegen 1.17/turn    O - +6 ring of intelligence
MPRegen 0.22/turn

%: no passive effects
@: corroded, studying Shields
A: horns 2, yellow scales 3, ignite blood 2, spiny 2
a: Renounce Religion, Unearth Wretches, Torment


You were on level 2 of the Swamp.
You worshipped Kikubaaqudgha.
Kikubaaqudgha was exalted by your worship.
You visited 5 branches of the dungeon, and saw 25 of its levels.

You collected 2492 gold pieces.
You spent 883 gold pieces at shops.

Inventory:

Hand Weapons
 a - a +2 morningstar of protection (weapon)
Missiles
 H - 2 curare-tipped darts
 T - 3 atropa-tipped darts
Armour
 k - a +0 pair of gloves (worn)
 n - an orb of energy
 E - a +2 leather armour of willpower (worn)
 K - a +2 hat (worn)
 M - a +0 cloak
 S - a +0 pair of boots (worn)
 X - a scarf of resistance (worn)
Magical Staves
 u - a staff of death
 y - a staff of poison
Jewellery
 d - a ring of positive energy
 g - a +5 ring of evasion (left hand)
 i - an amulet of reflection
 x - a +6 ring of dexterity
 B - an amulet of regeneration (around neck)
 O - a +6 ring of intelligence (right hand)
Wands
 m - a wand of flame (50)
 A - a wand of digging (5)
 D - a wand of roots (20)
 L - a wand of polymorph (6)
 R - a wand of mindburst (21)
Scrolls
 e - 2 scrolls of enchant armour
 f - 2 scrolls of poison
 j - 7 scrolls of amnesia
 l - 4 scrolls of teleportation
 o - 2 scrolls of torment
 q - a scroll of blinking
 s - 8 scrolls of vulnerability
 t - 3 scrolls of fog
 C - 3 scrolls of brand weapon
 F - a scroll of immolation
 G - 2 scrolls of silence
 N - 2 scrolls of enchant weapon
 V - 6 scrolls of fear {unknown}
Potions
 b - 5 potions of magic
 c - 5 potions of might
 h - 3 potions of degeneration
 p - 7 potions of heal wounds
 r - 14 potions of curing
 v - 2 potions of haste
 w - 3 potions of cancellation
 z - 8 potions of ambrosia
 I - 3 potions of attraction
 P - a potion of berserk rage
 Q - 8 potions of flight
 U - 2 potions of brilliance
 Z - a potion of invisibility {unknown}
Miscellaneous
 W - a phial of floods (inert)
 Y - a condenser vane


   Skills:
 - Level 5.0 Fighting
 - Level 4.0 Dodging
 - Level 1.7 Stealth
 - Level 12.0 Spellcasting
 - Level 4.4 Summonings
 + Level 20.9 Necromancy
 - Level 8.0 Ice Magic
 - Level 5.0 Air Magic
 - Level 6.0 Earth Magic
 - Level 8.0 Evocations


You had 4 spell levels left.
You knew the following spells:

 Your Spells              Type           Power      Damage    Failure   Level
a - Freeze                Ice            100%       1d10      1%          1
b - Frozen Ramparts       Ice            100%       1d16      1%          3
c - Ozocubu's Armour      Ice            59%        N/A       1%          3
d - Vampiric Draining     Necr           95%        2d12      0%          3
e - Summon Ice Beast      Ice/Summ       52%        N/A       3%          4
f - Borgnjor's Vile Clut  Necr/Erth      38%        N/A       1%          5
g - Dispel Undead         Necr           95%        3d30      0%          4
h - Infestation           Necr           47%        N/A       5%          8
A - Swiftness             Air            46%        N/A       1%          3

Your spell library contained the following spells:

 Spells                   Type           Power      Damage    Failure   Level
 Necrotise                Necr           100%       1d9       0%          1
 Kiss of Death            Conj/Necr      100%       2d13      1%          1
 Cigotuvi's Dreadful Rot  Necr/Pois/Air  100%       N/A       1%          2
 Ensorcelled Hibernation  Hex/Ice        80%        N/A       1%          2
 Passwall                 Tmut/Erth      28%        N/A       1%          2
 Anguish                  Hex/Necr       33%        N/A       1%          4
 Vhi's Electric Charge    Tloc/Air       62%        N/A       4%          3
 Lesser Beckoning         Tloc           34%        N/A       7%          2
 Dazzling Flash           Conj/Hex       34%        N/A       13%         3
 Gell's Gravitas          Tloc           17%        N/A       13%         3
 Ignite Poison            Fire/Tmut/Pois 17%        N/A       13%         3
 Teleport Other           Tloc           17%        N/A       13%         3
 Volatile Blastmotes      Fire/Tloc      34%        2d12      13%         3
 Iskenderun's Mystic Bla  Conj/Tloc      17%        2d5       41%         4
 Agony                    Necr           95%        N/A       1%          5
 Borgnjor's Revivificati  Necr           47%        N/A       5%          8
 Haunt                    Necr/Summ      37%        N/A       21%         7
 Freezing Cloud           Conj/Ice/Air   21%        6-21      22%         5
 Arcjolt                  Conj/Air       15%        1d25      41%         5
 Death's Door             Necr           47%        N/A       63%         9
 Necromutation            Tmut/Necr      33%        N/A       99%         8
 Starburst                Conj/Fire      8%         6d4       100%        6
 Maxwell's Capacitive Co  Air            23%        ∞         100%        8


Dungeon Overview and Level Annotations

Branches:
Dungeon (15/15)            Temple (1/1) D:4            Lair (5/5) D:9
  Swamp (2/4) Lair:2       Spider (0/4) Lair:3        Slime (0/5) Lair:5
    Orc (2/2) D:12            Elf (0/3) Orc:2        Vaults (0/5) D:14
 Depths (0/4) D:15

Altars:
Ashenzari
Cheibriados
Dithmenos
Fedhas
Gozag
Hepliaklqana
Kikubaaqudgha
Makhleb
Nemelex Xobeh
Okawaru
Qazlal
Ru
Sif Muna
Trog
Uskayaw
Vehumet
Wu Jian
Xom
Yredelemnul

Shops:
D:2 (   D:4 ?   D:9 ?   D:11 !   Orc:1 ?   Orc:2 *:!

Portals:
Trove: D:14 (give +6 demon trident)

Annotations:
D:5 exclusion: upstairs
D:11 3 runed translucent doors, Sheepclothes's ghost, journeyman GrMo
D:14 1 runed translucent door, Gallask's ghost, adept FoDe
Lair:3 2 transporters, Xusmas's ghost, journeyman DsFi
Swamp:2 Aizul; Roxanne


Innate Abilities, Weirdness & Mutations

You have a pair of horns on your head.
You are completely covered in yellow scales. (AC +4, rCorr)
Your demonic aura often causes spilled blood to erupt in flames.
You are mostly covered in sharp spines.


Message History

You are yanked forward by the harpoon shot.
Splash!
You fall into the shallow water.
Moving in this stuff is going to be slow.
The swamp worm attacks as you move away!
The swamp worm is struck by your spines.
The swamp worm bites you.
You feel very sick.
The will-o-the-wisp gestures.
The will-o-the-wisp conjures some foxfire!
The swamp worm is struck by your spines.
The swamp worm misses you. 2 foxfires come into view.
Unknown command.
Your surroundings suddenly seem different.
You feel sick.
The foxfire moves out of view. x2
Unknown command.
As you read the scroll of teleportation, it crumbles to dust.
You feel strangely unstable.
You feel sick.
You feel sick.
Your surroundings suddenly seem different.
Splash!
You fall into the shallow water.
Moving in this stuff is going to be slow.
Aizul, Roxanne, a goliath frog and a swamp worm come into view.
Found 17 gold pieces and a potion of curing.
You feel sick. The goliath frog hits you from afar. The acid corrodes you!
You are splashed with acid.
You resist.
Marking area around Roxanne as unsafe for travelling.
You feel sick.
You are no longer poisoned.
The goliath frog hits you!!
* * * LOW HITPOINT WARNING * * *
The acid corrodes you!
You are splashed with acid.
You resist.
* * * LOW HITPOINT WARNING * * *
The goliath frog hits you!
* * * LOW HITPOINT WARNING * * *
You are splashed with acid.
You resist.
You die...
Kikubaaqudgha rasps: "You have failed me!
Welcome... death!"

**,,,,~~,~,,~*,***
*~~,~§~.,,~,~...~**
**,,~~~..,,~~,.8.,,**
**,,,,,,..♣,,,w..,,~,**
**,,,,,,,,..♣♣,..*~~~~,**
*,,******,#..♣♣~♣♣*,,,,,*
*,,*,,,*,,#..♣~..♣****~**
**,,,,,,*,,#..♣..♣♣ *~~,*
****,,,*,,**,,+☼@~...♣ **~***
~,~~~,,*,,,*,*#F....♣♣ *,~~~**
,~~~~,,*,,,,,,#..~♣♣♣ **~,~,,* *
~~~,,,,*,,,*,,#....** *,,~~~,* *
,,,,,,,*****,*#...~.* *,~~,~** *
,,,,~,,,,,,,,,!.~~~.♣ *~~~,** *
,,,~~~~,,,,,,S.~~~~~♣***~~~** *
,^,~~~~****,.~.~~~~§.,,~,********
~~,~~,** **,~~~~~~~~~,,,,* *,,,*~


You could see a goliath frog.

Vanquished Creatures
  Gastronok (D:8)
  A fenstrider witch (Swamp:1)
  A bunyip (Swamp:1)
  4 hydras
  A rakshasa (D:15)
  8 vault guards
  A great orb of eyes (D:15)
  A ghost crab (Swamp:1)
  3 catoblepae (Lair:5)
  4 centaur warriors
  3 boulder beetles
  A death knight (D:10)
  5 two-headed ogres
  11 death yaks (Lair:5)
  Urug (D:11)
  Sonja (Orc:2)
  2 skysharks (Lair:4)
  5 skeletal warriors (D:14)
  A deep troll (Orc:2)
  A swamp dragon (Swamp:1)
  A bog body (Swamp:1)
  A deep elf pyromancer (D:12)
  11 ugly things
  An orc knight (D:12)
  An oklob plant (Lair:5)
  7 cyclopes
  An orc sorcerer (Orc:2)
  A moth of wrath (shapeshifter) (D:12)
  3 manticores
  Joseph (D:7)
  4 elephants
  A manticore (shapeshifter) (D:15)
  2 gargoyles
  Maurice (D:8)
  2 centaur zombies (D:11)
  4 black mambas
  An unseen horror (D:13)
  9 cane toads
  Maggie (D:7)
  3 rime drakes
  2 kobold demonologists
  9 komodo dragons
  An efreet (D:15)
  10 trolls
  A queen bee (Lair:2)
  2 polar bears
  7 tyrant leeches
  7 dream sheep (Lair:5)
  3 blink frogs (Lair:2)
  23 slime creatures
  2 centaur simulacra (D:15)
  3 wyverns
  2 water elementals
  2 vampires
  Sigmund (D:2)
  4 wraiths
  Grum (D:8)
  2 shadows (D:10)
  16 yaks
  2 basilisks
  2 vampire mosquitoes (D:12)
  A steam dragon (D:9)
  2 wargs
  2 acid dragons
  5 swamp worms
  13 water moccasins
  16 orc warriors
  2 swamp drakes (Swamp:1)
  2 sky beasts
  2 ice beasts
  A black bear (D:7)
  15 ogres
  4 centaurs
  6 wolves
  3 kobold brigands
  9 bullfrogs
  A gnoll sergeant (D:11)
  3 scorpions
  A hornet simulacrum (D:14)
  18 wights
  23 killer bees
  5 howler monkeys
  6 electric eels (D:12)
  16 jellies
  8 orc priests
  4 hounds
  7 iguanas
  A gnoll bouda (D:8)
  14 orc wizards
  4 adders
  13 gnolls
  2 shadow imps (D:7)
  3 white imps
  2 worms (D:2)
  2 dart slugs
  64 orcs
  2 bats (D:2)
  3 endoplasms
  4 giant cockroaches
  9 hobgoblins
  14 kobolds
  4 quokkas
  5 ball pythons
  6 frilled lizards
  4 goblins
  4 rats
  A butterfly (Lair:2)
550 creatures vanquished.

Vanquished Creatures (collateral kills)
  2 ogre magi (Orc:2)
  5 two-headed ogres (Orc:2)
  A deep troll (Orc:2)
  An orc knight (Orc:2)
  A manticore (Lair:5)
  A will-o-the-wisp (Swamp:1)
  7 trolls (Orc:2)
  A yak (Lair:5)
  A swamp worm (Swamp:1)
  3 wargs
  An orc warrior (Orc:2)
  15 ogres
  2 orc priests
  An orc wizard (Orc:2)
  5 orcs
47 creatures vanquished.

Vanquished Creatures (others)
  16 foxfires
16 creatures vanquished.

Grand Total: 613 creatures vanquished

Notes
Turn   | Place    | Note
-------+----------+-------------------------------------------
     0 | D:1      | Kallu the Demonspawn Ice Elementalist began the quest for
                  | the Orb.
     0 | D:1      | Reached XP level 1. HP: 13/13 MP: 3/3
   304 | D:1      | Gained mutation: You have a pair of small horns on your
                  | head. [demonic ancestry]
   304 | D:1      | Reached XP level 2. HP: 18/19 MP: 0/5
   997 | D:2      | Gained mutation: Your demonic aura sometimes causes spilled
                  | blood to erupt in flames. [demonic ancestry]
   997 | D:2      | Reached XP level 3. HP: 24/24 MP: 0/6
  1289 | D:2      | Learned a level 3 spell: Frozen Ramparts
  1751 | D:2      | Reached skill level 5 in Ice Magic
  2026 | D:2      | Found Iwod's Weapon Shoppe.
  2060 | D:2      | Noticed Sigmund
  2069 | D:2      | Gained mutation: You are partially covered in yellow
                  | scales. (AC +2) [demonic ancestry]
  2069 | D:2      | Reached XP level 4. HP: 30/30 MP: 1/7
  2153 | D:2      | Killed Sigmund
  2154 | D:2      | Reached skill level 1 in Fighting
  2154 | D:2      | Reached XP level 5. HP: 38/38 MP: 3/11
  2196 | D:2      | Learned a level 3 spell: Ozocubu's Armour
  3190 | D:3      | Found a faded altar of an unknown god.
  3364 | D:4      | Reached XP level 6. HP: 44/44 MP: 3/12
  3495 | D:4      | Found Pekodgh's Magic Scroll Shop.
  3501 | D:4      | Found a staircase to the Ecumenical Temple.
  3603 | D:4      | Found the +6 shillelagh "Devastator" {shatter}
  3970 | D:5      | Entered Level 5 of the Dungeon
  3990 | D:5      | Gained mutation: You are mostly covered in yellow scales.
                  | (AC +3) [demonic ancestry]
  3990 | D:5      | Reached XP level 7. HP: 47/50 MP: 9/13
  4080 | Temple   | Entered the Ecumenical Temple
  4176 | Temple   | Became a worshipper of Kikubaaqudgha
  5342 | D:6      | Reached XP level 8. HP: 51/56 MP: 5/15
  5412 | D:5      | Reached skill level 5 in Spellcasting
  5546 | D:6      | Reached * piety under Kikubaaqudgha
  5546 | D:6      | Received a gift from Kikubaaqudgha
  5554 | D:6      | Learned a level 3 spell: Vampiric Draining
  6208 | D:6      | Reached skill level 1 in Necromancy
  6208 | D:6      | Reached XP level 9. HP: 61/61 MP: 17/21
  6302 | D:6      | Reached skill level 2 in Necromancy
  6561 | D:7      | Noticed Joseph
  6581 | D:6      | Reached skill level 3 in Necromancy
  6719 | D:7      | Noticed Maggie
  6734 | D:7      | Reached skill level 4 in Necromancy
  6736 | D:7      | Killed Maggie
  6737 | D:7      | Reached skill level 5 in Necromancy
  6832 | D:7      | Reached skill level 6 in Necromancy
  6850 | D:7      | Killed Joseph
  6851 | D:7      | Reached skill level 7 in Necromancy
  6980 | D:7      | Reached skill level 8 in Necromancy
  7146 | D:7      | Noticed a komodo dragon
  7146 | D:7      | Noticed a manticore
  7172 | D:7      | Reached skill level 9 in Necromancy
  7238 | D:7      | Killed a manticore
  7239 | D:7      | Reached XP level 10. HP: 48/67 MP: 13/22
  7282 | D:7      | Reached skill level 10 in Necromancy
  7771 | D:8      | Reached skill level 1 in Summonings
  7814 | D:8      | Learned a level 4 spell: Summon Ice Beast
  7919 | D:8      | Reached ** piety under Kikubaaqudgha
  8038 | D:8      | Noticed Gastronok
  8080 | D:8      | Killed Gastronok
  8293 | D:8      | Noticed Grum
  8306 | D:8      | Killed Grum
  8506 | D:8      | Found a sacrificial altar of Ru.
  8507 | D:8      | Found a bloodstained altar of Trog.
  8508 | D:8      | Found a sparkling altar of Nemelex Xobeh.
  8511 | D:8      | Found an ornate altar of the Wu Jian Council.
  8890 | D:8      | Noticed Maurice
  8922 | D:8      | Killed Maurice
  9280 | D:9      | Reached skill level 11 in Necromancy
  9516 | D:9      | Found Ceturph's Magic Scroll Shoppe.
  9739 | D:9      | Bought a scroll of teleportation for 33 gold pieces
  9739 | D:9      | Bought a scroll of identify for 22 gold pieces
  9772 | D:9      | Found a staircase to the Lair.
 10142 | D:10     | Entered Level 10 of the Dungeon
 10143 | D:10     | Noticed a two-headed ogre
 10154 | D:9      | Gained mutation: You have a pair of horns on your head.
                  | [demonic ancestry]
 10154 | D:9      | Reached XP level 11. HP: 78/78 MP: 19/23
 10192 | D:10     | Noticed a death knight
 10244 | Lair:1   | Entered Level 1 of the Lair of Beasts
 10716 | Lair:1   | Reached *** piety under Kikubaaqudgha
 10716 | Lair:1   | Received a gift from Kikubaaqudgha
 10717 | Lair:1   | Reached skill level 5 in Fighting
 10852 | Lair:1   | Reached skill level 1 in Earth Magic
 11191 | Lair:1   | Learned a level 5 spell: Borgnjor's Vile Clutch
 11210 | Lair:2   | Noticed a boulder beetle
 11557 | Lair:2   | Reached skill level 5 in Earth Magic
 11948 | Lair:2   | Reached skill level 12 in Necromancy
 12292 | Lair:2   | Killed a boulder beetle
 12410 | Lair:2   | Reached skill level 13 in Necromancy
 12580 | Lair:2   | Reached **** piety under Kikubaaqudgha
 12606 | Lair:2   | Gained mutation: You are partially covered in sharp spines.
                  | [demonic ancestry]
 12606 | Lair:2   | Reached XP level 12. HP: 86/86 MP: 13/24
 12771 | Lair:2   | Found a staircase to the Swamp.
 13258 | Lair:3   | Found a transporter.
 13259 | Lair:3   | Found a transporter.
 13338 | Lair:3   | Noticed a six-headed hydra
 13357 | Lair:3   | Killed a six-headed hydra
 13517 | Lair:3   | Found a hole to the Spider Nest.
 13544 | Lair:3   | Reached skill level 14 in Necromancy
 14054 | Lair:3   | Noticed Xusmas's ghost (journeyman DsFi)
 14570 | Lair:4   | Reached skill level 15 in Necromancy
 14765 | Lair:4   | Noticed a four-headed hydra
 14771 | Lair:4   | Killed a four-headed hydra
 15467 | Lair:5   | Entered Level 5 of the Lair of Beasts
 15574 | Lair:5   | Reached skill level 16 in Necromancy
 15720 | Lair:5   | Found a staircase to the Slime Pits.
 16021 | Lair:5   | Reached skill level 17 in Necromancy
 16460 | Lair:5   | Noticed a death yak
 16460 | Lair:5   | Noticed a death yak
 16460 | Lair:5   | Noticed a death yak
 16461 | Lair:5   | Noticed a death yak
 16465 | Lair:5   | Noticed a seven-headed hydra
 16469 | Lair:5   | Killed a death yak
 16470 | Lair:5   | Gained mutation: You are completely covered in yellow
                  | scales. (AC +4, rCorr) [demonic ancestry]
 16470 | Lair:5   | Reached XP level 13. HP: 91/91 MP: 1/25
 16836 | Lair:5   | Reached skill level 18 in Necromancy
 17618 | Lair:5   | Reached skill level 19 in Necromancy
 17785 | Lair:5   | Reached ***** piety under Kikubaaqudgha
 17968 | Lair:5   | Identified the +4 falchion of the Eternal Void {heavy,
                  | rElec}
 18324 | D:10     | Found a hide-covered altar of Uskayaw.
 18452 | D:10     | Reached skill level 1 in Air Magic
 18923 | D:10     | Identified the +6 dagger "Socraf" {drain, Stlth+}
 19015 | D:10     | Identified the +0 robe of Towomeeff {rF+ rCorr}
 19233 | D:10     | Learned a level 3 spell: Swiftness
 19389 | D:11     | Learned a level 4 spell: Dispel Undead
 19694 | D:11     | Noticed Urug
 19803 | D:11     | Found a runed translucent gate.
 19803 | D:11     | Found a runed translucent gate.
 19803 | D:11     | Found a runed translucent gate.
 19803 | D:11     | Noticed Sheepclothes's ghost (journeyman GrMo)
 19805 | D:11     | Found a basalt altar of Yredelemnul.
 19960 | D:11     | Killed Urug
 19971 | D:11     | Found Gesuoji's Distillery.
 20949 | D:12     | Gained mutation: Your demonic aura often causes spilled
                  | blood to erupt in flames. [demonic ancestry]
 20949 | D:12     | Reached XP level 14. HP: 98/98 MP: 16/26
 21179 | D:12     | Reached skill level 20 in Necromancy
 21180 | D:12     | Reached skill level 5 in Air Magic
 21281 | D:12     | Found a staircase to the Orcish Mines.
 22351 | D:13     | Found a stormy altar of Qazlal.
 23374 | D:14     | Noticed Gallask's ghost (adept FoDe)
 23682 | D:14     | Reached skill level 10 in Spellcasting
 23941 | D:14     | Identified the +2 helmet of Undesirable Species {rF+}
 23970 | D:14     | Found a portal to a secret trove of treasure.
 24033 | D:14     | Found a gate to the Vaults.
 24052 | D:14     | Reached skill level 1 in Evocations
 24507 | D:14     | Found a runed translucent door.
 25258 | D:15     | Entered Level 15 of the Dungeon
 25517 | D:15     | Reached skill level 5 in Evocations
 26396 | D:15     | Found a staircase to the Depths.
 26991 | D:15     | Gained mutation: You are mostly covered in sharp spines.
                  | [demonic ancestry]
 26991 | D:15     | Reached XP level 15. HP: 103/103 MP: 20/30
 27270 | D:15     | Reached ****** piety under Kikubaaqudgha
 27271 | D:15     | Received a gift from Kikubaaqudgha
 27281 | D:15     | Learned a level 8 spell: Infestation
 27688 | Orc:1    | Entered Level 1 of the Orcish Mines
 27974 | Orc:1    | Found Ofyicupp's Magic Scroll Boutique.
 27982 | Orc:1    | Bought a scroll of silence for 114 gold pieces
 27982 | Orc:1    | Bought a scroll of blinking for 90 gold pieces
 28080 | Orc:1    | Bought a scroll of identify for 24 gold pieces
 28106 | Orc:2    | Entered Level 2 of the Orcish Mines
 28157 | Orc:2    | Found a bloodstained altar of Trog.
 28256 | Orc:2    | Found a staircase to the Elven Halls.
 28593 | Orc:2    | Noticed Sonja
 28600 | Orc:2    | Killed Sonja
 28653 | Orc:2    | Found Omakkeg's Antique Weapon Boutique.
 28655 | Orc:2    | Found Waniruew's Assorted Antiques.
 28669 | Orc:2    | Found Plog's Distillery.
 28699 | Orc:2    | Bought a twisted coral ring for 120 gold pieces
 28817 | Orc:2    | Found Ipliwnay's Book Shop.
 28920 | Orc:2    | Bought a potion of heal wounds for 75 gold pieces
 28920 | Orc:2    | Bought a potion of magic for 120 gold pieces
 28920 | Orc:2    | Bought a potion of curing for 45 gold pieces
 28920 | Orc:2    | Bought 2 potions of cancellation for 240 gold pieces
 29378 | Swamp:1  | Entered Level 1 of the Swamp
 29825 | Swamp:1  | Noticed a fenstrider witch
 29830 | Swamp:1  | Killed a fenstrider witch
 30329 | Swamp:1  | You fall into a shaft and drop 1 floor!
 30344 | Swamp:2  | Noticed Aizul
 30344 | Swamp:2  | Identified Roxanne's Compendium of Terrain
 30344 | Swamp:2  | Noticed Roxanne
 30345 | Swamp:2  | HP: 1/103 [goliath frog (13)]
 30345 | Swamp:2  | Splashed by a goliath frog's acid

Illustrated notes

Levels and vault maps discovered:
D:1:      dreamdust_arrival_beginning_and_end, layout_loops_cross
D:2:      layout_basic, serial_shops, shop, uniq_sigmund
D:3:      layout_basic, hellmonk_ecumenical_altar_defaced_shrine
D:4:      layout_basic, tso_metal_star, minmay_temple_entry_from_below_b,
          serial_shops, shop, dilly_guarded_unrand_devastator
D:5:      layout_basic, nicolae_figureground_sparkle
D:6:      layout_rooms
D:7:      layout_loops_ring, grunt_ministairs_6, minmay_manual_maat,
          uniq_joseph, uniq_maggie
D:8:      layout_loops_ring, minitemple, minmay_misc_feat_ornament,
          uniq_gastronok, uniq_maurice, uniq_grum
D:9:      layout_loops_ring, dpeg_oklobed_lair, serial_glass, glass_columns_a,
          glass_columns_a, serial_shops, shop
D:10:     minmay_curly_fans, layout_loops_cross, eat_drink_and_be_merry_uskayaw
D:11:     layout_cave_pools, serial_shops, nicolae_shop_hallway_plus,
          nicolae_yredelemnul_ghost_church, uniq_urug
D:12:     erik_rubicon_b, layout_stronghold, david_orc_2
D:13:     layout_irregular_city, nicolae_qazlal_scattered_showers
D:14:     layout_roguey, erik_vaults_2, hellmonk_ghost_happy_afterlife,
          kennysheep_small_spiral, special_room [special_room_orc],
          nicolae_trove_entry_columns, hangedman_abyss_or_decor_stagger
D:15:     gammafunk_enter_depths_forms, layout_layer_cave,
          hangedman_decor_cross_pass
Temple:   lightli_temple_of_artemis
Lair:1:   layout_loops_ring, patterned_corridor, lemuel_fruit_fields
Lair:2:   layout_small_grid, minmay_swamp_entry_worms, special_room
          [special_room_bee], grunt_megastairs_2, infiniplex_staircase_pool,
          lemuel_fruit_fields
Lair:3:   layout_regular_city, spider_nest_entry_web_field,
          gammafunk_ghost_hive, minmay_holes, serial_bayou_lagoon_a,
          dreamdust_deal_with_the_devil
Lair:4:   layout_regular_city
Lair:5:   evilmike_catoblepas_cave, layout_small_grid,
          minmay_slime_entry_jelly_boxes
Swamp:1:  layout_falls_marsh, serial_swamp_ruin, evilmike_swamp_ruin_house_4,
          hangedman_swamp_ruin_hall, swamp_pool1, infiniplex_staircase_pool_2
Swamp:2:  layout_basic_swamp, evilmike_swamp_ruin_house_1, uniq_aizul,
          uniq_kirke, uniq_louise, uniq_roxanne
Orc:1:    layout_caves, serial_shops, shop_fountains
Orc:2:    st_orc_open, layout_caves, basic_altar, uniq_sonja

Skill      XL: |  1  2  3  4  5  6  7  8  9 10 11 12 13 14 15 |
---------------+----------------------------------------------+-----
Ice Magic      | 4 5 6 8 |  8.0
Spellcasting   | 4 8 11 12 | 12.0
Fighting       | 1 2 4 5 |  5.0
Necromancy     | 1 9 11 13 17 19 20 | 20.9
Summonings     | 4 |  4.4
Dodging        | 4 |  4.0
Earth Magic    | 6 |  6.0
Air Magic      | 4 5 |  5.0
Evocations     | 6 8 |  8.0
Stealth        | |  1.7

Action                     |  1- 3 |  4- 6 |  7- 9 | 10-12 | 13-15 || total
---------------------------+-------+-------+-------+-------+-------++-------
  Melee: Unarmed           |     7 |     2 |       |       |       ||     9
         Headbutt          |     1 |     3 |    44 |    79 |    90 ||   217
         Morningstar       |       |     8 |   178 |   247 |   269 ||   702
         Punch             |       |       |     3 |     4 |     3 ||    10
  Throw: Dart              |       |       |       |       |     1 ||     1
   Cast: Freeze            |    59 |    25 |    12 |     6 |     9 ||   111
         Frozen Ramparts   |     8 |    11 |    36 |    63 |    56 ||   174
         Ozocubu's Armour  |       |     2 |    35 |    40 |    49 ||   126
         Vampiric Draining |       |       |     3 |    29 |    76 ||   108
         Borgnjor's Vile C |       |       |       |    60 |   125 ||   185
         Summon Ice Beast  |       |       |       |     1 |    15 ||    16
         Dispel Undead     |       |       |       |       |    24 ||    24
         Infestation       |       |       |       |       |     8 ||     8
 Invoke: Receive Forbidden |       |       |       |       |     1 ||     1
  Evoke: Wand              |       |       |       |       |     6 ||     6
         Condenser vane    |       |       |       |       |     1 ||     1
         Phial of floods   |       |       |       |       |     1 ||     1
    Use: Potion            |       |     3 |       |       |     3 ||     6
         Scroll            |       |       |       |    18 |    12 ||    30
   Stab: Sleeping          |       |       |       |     2 |       ||     2
 Armour: Robe              |     8 |     5 |     6 |       |       ||    19
         Leather armour    |       |       |    76 |   132 |   181 ||   389
  Dodge: Dodged            |    38 |    40 |   223 |   305 |   394 ||  1000
  Block: Other             |       |     4 |     3 |       |       ||     7
